 Dungeon Crawl Stone Soup version 0.28-a0-819-g6ef7baa362 (webtiles) character file.

Game seed: 4505290801876458535

151 meatgazer the Skirmisher (level 5, -1/43 HPs)
             Began as a Demonspawn Abyssal Knight on Nov 8, 2021.
             Was a Follower of Lugonu.
             Slain by a small abomination (5 damage)
             ... on level 1 of the Abyss.
             The game lasted 00:00:27 (235 turns).

meatgazer the Skirmisher (Demonspawn Abyssal Knight) Turns: 235, Time: 00:00:28

Health: -1/43      AC:  3    Str: 14    XL:     5   Next: 11%
Magic:  7/7        EV: 11    Int: 11    God:    Lugonu [*.....]
Gold:   0          SH:  4    Dex: 14    Spells: 4/4 levels left

rFire   . . .      SeeInvis .   a - +1 falchion
rCold   . . .      Faith    .   (no shield)
rNeg    . . .      Spirit   .   b - +0 leather armour
rPois   .          Reflect  .   (helmet restricted)
rElec   .          Harm     .   (no cloak)
rCorr   .          Rampage  .   (no gloves)
Will    .....                   (no boots)
Stlth   +.........              (no amulet)
HPRegen 0.14/turn               (no ring)
MPRegen 0.10/turn               (no ring)

@: no status effects
A: antennae 1, large bone plates 1, foul stench 1
a: Renounce Religion, Depart the Abyss


You were on level 1 of the Abyss.
You worshipped Lugonu.
Lugonu was aware of your devotion.
You visited 0 branches of the dungeon, and saw 0 of its levels.
You visited the Abyss 1 time.

Inventory:

Hand Weapons
 a - a +1 falchion (weapon)
Armour
 b - a +0 leather armour (worn)


   Skills:
 + Level 4.9 Fighting
 + Level 2.4 Long Blades
 + Level 2.4 Armour
 + Level 1.0 Dodging
 + Level 3.2 Invocations


You had 4 spell levels left.
You didn't know any spells.
Your spell library was empty.

Dungeon Overview and Level Annotations

Branches:
Dungeon (0/15)

Altars:


Innate Abilities, Weirdness & Mutations

You have a pair of small antennae on your head.
You are partially covered in large bone plates. (SH +4)
You may rarely emit foul miasma when damaged in melee.


Message History

You start resting.
You start resting.
A small abomination comes into view.
You enter the shallow water.
Moving in this stuff is going to be slow.
There is a gateway leading out of the Abyss here.
You slash the small abomination!
The small abomination is moderately damaged.
The small abomination hits you.
The small abomination barely misses you.
You hit the small abomination.
The small abomination is heavily damaged.
The small abomination hits you.
You hit the small abomination.
The small abomination is heavily damaged.
You block the small abomination's attack.
The small abomination closely misses you.
You hit the small abomination but do no damage.
The small abomination is heavily damaged.
The small abomination hits you. The small abomination misses you.
You closely miss the small abomination.
The small abomination is heavily damaged.
You block the small abomination's attack.
You closely miss the small abomination.
The small abomination is heavily damaged.
The small abomination hits you.
The small abomination completely misses you.
You hit the small abomination but do no damage.
The small abomination is heavily damaged.
You block the small abomination's attack.
The small abomination hits you!
You completely miss the small abomination.
The small abomination is heavily damaged.
The small abomination closely misses you.
The small abomination hits you!
* * * LOW HITPOINT WARNING * * *
You hit the small abomination.
The small abomination is severely damaged.
The small abomination hits you.
You die...

. . #.# . .
♣≈.. #.##≈≈≈#
. ####≈≈≈# .
# ####.#≈
≈#.. # .
..#..≈≈≈.# #
. .#..#≈≈.# .
# #@x≈≈# #
....#≈≈≈#.# .
§.####≈≈≈#..#
# #
#≈≈#.....# .
. .≈≈≈.##...#
# .≈≈♣.. #..
...# ... . .
. #.. .#.# .
. # ##. .#.#


You could see a small abomination.

Vanquished Creatures
  A ynoxinul (Abyss:1)
1 creature vanquished.

Notes
Turn   | Place    | Note
-------+----------+-------------------------------------------
     0 | Abyss:1  | meatgazer the Demonspawn Abyssal Knight began the quest for
                  | the Orb.
     0 | Abyss:1  | Reached XP level 1. HP: 18/18 MP: 2/2
     2 | Abyss:1  | Found a corrupted altar of Lugonu.
    62 | Abyss:1  | Noticed a ynoxinul
    72 | Abyss:1  | Killed a ynoxinul
    73 | Abyss:1  | Reached skill level 4 in Fighting
    73 | Abyss:1  | Reached skill level 1 in Dodging
    73 | Abyss:1  | Gained mutation: You have a pair of small antennae on your
                  | head. [demonic ancestry]
    73 | Abyss:1  | Reached XP level 2. HP: 9/26 MP: 2/4
    73 | Abyss:1  | Gained mutation: You are partially covered in large bone
                  | plates. (SH +4) [demonic ancestry]
    73 | Abyss:1  | Reached XP level 3. HP: 11/32 MP: 2/5
    73 | Abyss:1  | Reached XP level 4. HP: 13/38 MP: 2/6
    73 | Abyss:1  | Gained mutation: You may rarely emit foul miasma when
                  | damaged in melee. [demonic ancestry]
    73 | Abyss:1  | Reached XP level 5. HP: 15/43 MP: 2/7
   235 | Abyss:1  | Slain by a small abomination

Illustrated notes

Levels and vault maps discovered:
Abyss:1:  base: Temple, evilmike_abyss_exit_11, base:
Temple

Skill      XL: |  1 |
---------------+----+-----
Fighting       | 4 |  4.9
Long Blades    | 2 |  2.4
Armour         | 2 |  2.4
Dodging        | 1 |  1.0
Invocations    | 3 |  3.2

Action                   |  1- 3 |  4- 6 || total
-------------------------+-------+-------++-------
Melee: Falchion          |     7 |     9 ||    16
  Use: Potion            |     1 |       ||     1
Armor: Leather armour    |     2 |       ||     2
Dodge: Dodged            |     4 |     5 ||     9
Block: Other             |       |     3 ||     3

Table legend: (Time is in decaauts)
 A = Elapsed time spent in this place.
 B = Non-inter-level travel time spent in this place.
 C = Inter-level travel time spent in this place.
 D = Time resting spent in this place.
 E = Time spent auto-exploring this place.
 F = Levels seen in this place.
 G = Mean time per level.
                   A        B        C        D        E       F      G
               +--------+--------+--------+--------+--------+-----+--------+
         Total |    238 |    238 |      0 |    151 |     56 |   1 |  238.0 |
         Abyss |    238 |    238 |      0 |    151 |     56 |   1 |  238.0 |
               +--------+--------+--------+--------+--------+-----+--------+

Top non-repeatable levels by time:
 Abyss:1: 238 daAuts
